 Dungeon Crawl Stone Soup version 0.27.1 (webtiles) character file.

Game seed: 4307573877181543921

979 Tinkle the Cleaver (level 7, -2/61 HPs)
             Began as a Minotaur Berserker on Sept 3, 2021.
             Was a Believer of Trog.
             Splashed by a jelly's acid (11 damage)
             ... on level 5 of the Dungeon.
             The game lasted 00:23:57 (5096 turns).

Tinkle the Cleaver (Minotaur Berserker)             Turns: 5096, Time: 00:23:59

Health: -2/61      AC:  6    Str: 23    XL:     7   Next: 96%
Magic:  6/6        EV:  8    Int:  4    God:    Trog [**....]
Gold:   178        SH: 11    Dex: 10    Spells: 6/6 levels left

rFire    . . .     SeeInvis .   a - +0 war axe
rCold    . . .     Faith    .   j - +1 kite shield
rNeg     . . .     Spirit   .   r - +0 scale mail
rPois    .         Reflect  .   (helmet restricted)
rElec    .         Harm     .   (no cloak)
rCorr    .         Rampage  .   (no gloves)
Will     .....                  (no boots)
Stlth    ..........             (no amulet)
HPRegen  0.20/turn              (no ring)
MPRegen  0.10/turn              (no ring)

@: on berserk cooldown
A: horns 2, retaliatory headbutt
a: Renounce Religion, Berserk, Trog's Hand


You were on level 5 of the Dungeon.
You worshipped Trog.
Trog was pleased with you.
You visited 1 branch of the dungeon, and saw 5 of its levels.

You collected 236 gold pieces.
You spent 58 gold pieces at shops.

Inventory:

Hand Weapons
 a - a +0 war axe (weapon)
Missiles
 k - 8 silver javelins
 q - 19 poisoned darts (quivered)
Armour
 j - a +1 kite shield (worn)
 r - a +0 scale mail (worn)
Wands
 i - a wand of iceblast (9)
Scrolls
 b - a scroll of amnesia {unknown}
 c - 2 scrolls of teleportation
 m - a scroll of immolation {unknown}
 o - a scroll of enchant armour
Potions
 d - a potion of degeneration
 e - a potion of curing
 f - a potion of haste {unknown}
 g - a potion of heal wounds {unknown}
 n - a potion of invisibility {unknown}
 p - a potion of resistance {unknown}


   Skills:
 - Level 5.0 Fighting
 * Level 9.5 Axes
 - Level 2.4 Armour
 - Level 2.1 Dodging
 + Level 5.3 Shields


You had 6 spell levels left.
You didn't know any spells.
Your spell library contained the following spells:

 Spells                   Type           Power      Damage    Failure   Level
 Foxfire                  Conj/Fire      0%         2x1d4     99%         1
 Call Canine Familiar     Summ           0%         N/A       100%        3
 Portal Projectile        Hex/Tloc       0%         N/A       100%        3
 Leda's Liquefaction      Hex/Erth       0%         N/A       100%        4


Dungeon Overview and Level Annotations

Branches:
Dungeon (5/15)             Temple (0/1) D:4

Altars:
Ashenzari
Hepliaklqana
Kikubaaqudgha
Xom
Yredelemnul
Zin
The Shining One

Shops:
D:1 [   D:2 (([(   D:3 *   D:4 *

Annotations:
D:5 2 transporters, nxtlvl's ghost, weakling OgDe


Innate Abilities, Weirdness & Mutations

You have a pair of horns on your head.
You reflexively headbutt those who attack you in melee.


Message History

A red film seems to cover your vision as you go berserk!
You feel yourself moving faster!
You feel mighty!
The two-headed ogre hits you but does no damage.
The two-headed ogre completely misses you.
You slash the two-headed ogre! You headbutt the two-headed ogre!
The two-headed ogre is heavily wounded.
You block the two-headed ogre's attack. x2
You slash the two-headed ogre! You headbutt the two-headed ogre!
The two-headed ogre is severely wounded.
The two-headed ogre hits you with a +0 giant club!! x2
* * * LOW HITPOINT WARNING * * *
You slice the two-headed ogre!!
You kill the two-headed ogre!
Trog accepts your kill.
Your Axes skill gained 2 levels and is now at level 9!
Your Shields skill gained 2 levels and is now at level 5!
You have reached level 7!
Things that are here:
a +0 giant club; a +0 giant club You start resting.
You feel a strong urge to attack something.
You are no longer berserk.
You are exhausted.
You feel yourself slow down.
You start resting.
A jelly is nearby!
You start resting.
A jelly is nearby!
You feel yourself speed up. The jelly hits you.
You are splashed with acid!
* * * LOW HITPOINT WARNING * * *
The jelly hits you but does no damage.
You hit the jelly but do no damage.
Your hands burn!
* * * LOW HITPOINT WARNING * * *
You headbutt the jelly.
The jelly is lightly wounded.
The jelly hits you.
* * * LOW HITPOINT WARNING * * *
You are splashed with acid!
You die...

#.#......#.#.#
#....####.h.O
#.#..#...#.#.#
#...h####.###
#.#........#.#
#....##......
#.#....#.....#
#>...##h#####
..######._.#.#
#........#.W. ##
###...#.#
#.........#.#.
#.......#
#.........#..#
#.#.#.#.#
#.........#.[#
#.#.#.#@#
#.........#?#O #
#.#.#J####........#
( #.#........######
#.)....J.#
#........#
#........#
.........#
..........#
P..........#


You could see a jelly.

Vanquished Creatures
  A two-headed ogre (D:5)
  A scorpion (D:4)
  A water moccasin zombie (D:5)
  2 hounds
  A bullfrog skeleton (D:5)
  A hound skeleton (D:2)
  3 adders
  A worm (D:3)
  A dart slug (D:2)
  5 orcs
  8 ball pythons
  2 bats (D:2)
  15 endoplasms
  7 giant cockroaches
  10 goblins
  5 hobgoblins
  3 quokkas
  5 frilled lizards
  6 kobolds
  3 rats
81 creatures vanquished.

Notes
Turn   | Place    | Note
-------+----------+-------------------------------------------
     0 | D:1      | Tinkle the Minotaur Berserker began the quest for the Orb.
     0 | D:1      | Reached XP level 1. HP: 19/19 MP: 0/0
   214 | D:1      | Reached skill level 4 in Axes
   294 | D:1      | Reached XP level 2. HP: 27/27 MP: 1/1
   600 | D:1      | Found Remomog's Armour Boutique.
  1351 | D:2      | Reached XP level 3. HP: 21/33 MP: 2/2
  1523 | D:2      | Reached skill level 5 in Axes
  1617 | D:2      | Found Viwoihel's Weapon Shop.
  1720 | D:2      | Found Owiedikag's Antique Weapon Emporium.
  1835 | D:2      | Found Raasath's Weapon Shop.
  1953 | D:2      | Found Tyqale Uqyu's Armour Shoppe.
  2038 | D:2      | Reached XP level 4. HP: 40/41 MP: 3/3
  2251 | D:2      | Noticed a necrophage
  2439 | D:1      | Bought a +0 kite shield for 58 gold pieces
  2589 | D:3      | Found a shimmering altar of Xom.
  2830 | D:3      | Reached ** piety under Trog
  2894 | D:3      | Found Yban's General Store.
  2916 | D:3      | Found a faded altar of an unknown god.
  2929 | D:3      | Got Plato's Handbook of Combat Magic
  3100 | D:3      | Found a glowing golden altar of the Shining One.
  3109 | D:3      | Found a basalt altar of Yredelemnul.
  3111 | D:3      | Noticed a profane servitor
  3380 | D:3      | Noticed an angel
  3540 | D:4      | Reached skill level 1 in Shields
  3708 | D:4      | Found a staircase to the Ecumenical Temple.
  3750 | D:4      | Reached skill level 6 in Axes
  3750 | D:4      | Reached XP level 5. HP: 47/47 MP: 4/4
  3836 | D:4      | Found an ancient bone altar of Kikubaaqudgha.
  3883 | D:4      | Found a hazy altar of Hepliaklqana.
  3910 | D:4      | Reached skill level 5 in Fighting
  4008 | D:4      | Found Ytuosurgh's Overcharged Wands.
  4371 | D:4      | Found a glowing silver altar of Zin.
  4479 | D:5      | Entered Level 5 of the Dungeon
  4494 | D:5      | Reached XP level 6. HP: 50/56 MP: 5/5
  4603 | D:5      | Noticed a two-headed ogre
  4633 | D:5      | Found a transporter.
  4634 | D:5      | Found a transporter.
  4634 | D:5      | Noticed nxtlvl's ghost (weakling OgDe)
  4932 | D:5      | Found a broken altar of Ashenzari.
  5071 | D:5      | Reached skill level 7 in Axes
  5074 | D:5      | Killed a two-headed ogre
  5075 | D:5      | Reached skill level 9 in Axes
  5075 | D:5      | Reached skill level 5 in Shields
  5075 | D:5      | Reached XP level 7. HP: 26/61 MP: 6/6
  5096 | D:5      | Splashed by a jelly's acid

Illustrated notes

Levels and vault maps discovered:
D:1:      shiori_arrival_maze, layout_basic, serial_shops, shop,
          minmay_misc_feat_plants, chequers_arboretum, hex_tiny,
          minmay_misc_feat_secret_circle, hangedman_feature_mirror
D:2:      layout_basic, serial_shops, shop_statue, nicolae_square_shop,
          nicolae_lakefront_shop, nicolae_shop_behind_doors,
          lightli_corner_chamber
D:3:      layout_basic, grunt_temple_overflow_holy_war,
          mainiacjoe_overflow_24_doors, shapermc_ecumenical_altar_rom_forum,
          serial_shops, shop_statue
D:4:      wander_river, layout_basic, mainiacjoe_overflow_paths, zin_statuary,
          nzn_hepliaklqana_mist_gate, nicolae_shop_overcharged_wands
D:5:      layout_basic, mainiacjoe_overflow_boulevard, gammafunk_ghost_smash

Skill      XL: |  1  2  3  4  5  6 |
---------------+-------------------+-----
Axes           | 4 5 6 9 |  9.5
Fighting       | 4 5 |  5.0
Shields        | 1 2 5 |  5.3
Armour         | |  2.4
Dodging        | |  2.1

Action                   |  1- 3 |  4- 6 |  7- 9 || total
-------------------------+-------+-------+-------++-------
Melee: Hand axe          |    31 |       |       ||    31
       Headbutt          |     9 |    15 |     1 ||    25
       War axe           |    39 |   101 |     1 ||   141
Throw: Dart              |       |     8 |       ||     8
Invok: Berserk           |       |     1 |       ||     1
  Use: Scroll            |     1 |     4 |       ||     5
Armor: Animal skin       |     5 |       |       ||     5
       Leather armour    |    16 |    12 |       ||    28
       Scale mail        |       |    13 |     1 ||    14
Dodge: Dodged            |    42 |    27 |       ||    69
Block: Kite shield       |       |    51 |       ||    51
